 Dungeon Crawl Stone Soup version 0.30.0-5-g1a98f26d00 (webtiles) character file.

Game seed: 15957146888245860748

3080 ChrisAssaf the Ruffian (level 9, 0/70 (71) HPs)
             Began as a Red Draconian Transmuter on May 9, 2023.
             Was an Elder of Ru.
             Slain by a wyvern (2 damage)
             ... on level 8 of the Dungeon.
             The game lasted 00:29:04 (6796 turns).

ChrisAssaf the Ruffian (Red Draconian Transmuter)   Turns: 6796, Time: 00:29:04

HP:   0/70 (71)     AC:  1    Str: 13 (15) XL:     9   Next: 58%
MP:   15/15         EV: 12    Int: 16 (19) God:    Ru [****..]
Gold: 465           SH:  0    Dex:  7 (10) Spells: 4/16 levels left

rFire   + + .        d - +4 trident (heavy)
rCold   . . .        (shield unavailable)
rNeg    . . .        (body armour unavailable)
rPois   .            p - +2 hat
rElec   .            (no cloak)
rCorr   .            (no gloves)
SInv    .            (no boots)
Will    .....        (no amulet)
Stlth   ++           (ring unavailable)
HPRegen 0.31/turn    c - ring of protection from fire
MPRegen 0.14/turn

%: no passive effects
@: mighty, exhausted, corroded, lightly drained, unable to read
A: breathe fire, AC +7, unfitting armour, fire resistance 1, cold-blooded,
inability to read after injury 2, missing a hand, clever 1, evolution 1
a: Breathe Fire, Renounce Religion, Draw Out Power, Power Leap


You were on level 8 of the Dungeon.
You worshipped Ru.
Ru was greatly pleased with you.
You visited 1 branch of the dungeon, and saw 8 of its levels.

You collected 465 gold pieces.

Inventory:

Hand Weapons
 d - a +4 heavy trident (weapon)
Missiles
 e - 2 boomerangs (quivered)
 j - 4 javelins
 l - 2 curare-tipped darts
Armour
 p - a +2 hat (worn)
Jewellery
 c - a ring of protection from fire (right hand)
 v - a ring of fire
Wands
 n - a wand of paralysis (8)
 t - a wand of flame (19)
 w - a wand of roots (14)
Scrolls
 a - a scroll of fog
 b - a scroll of teleportation
 f - a scroll of enchant armour {unknown}
 g - a scroll of amnesia
 h - 2 scrolls of poison {unknown}
 o - 2 scrolls of noise {unknown}
 r - a scroll of butterflies {unknown}
 u - a scroll of fear {unknown}
Potions
 i - a potion of mutation
 k - a potion of attraction {unknown}
 m - a potion of flight {unknown}
 q - a potion of degeneration
 s - a potion of heal wounds {unknown}
 x - a potion of curing {unknown}


   Skills:
 * Level 4.0 Fighting
 * Level 4.2 Polearms
 * Level 5.1 Throwing
 * Level 3.9 Dodging
 * Level 3.5 Stealth
 * Level 5.3 Unarmed Combat
 * Level 4.2 Spellcasting
 * Level 1.2 Summonings
 * Level 4.3 Transmutations
 * Level 3.6 Poison Magic
 * Level 3.2 Evocations


You had 4 spell levels left.
You knew the following spells:

 Your Spells              Type           Power      Damage    Failure   Level
a - Summon Hydra          Summ           3%         N/A       100%        7
b - Wereblood             Tmut           17%        N/A       4%          2
c - Spider Form           Tmut/Pois      16%        N/A       10%         3

Your spell library contained the following spells:

 Spells                   Type           Power      Damage    Failure   Level
 Beastly Appendage        Tmut           34%        N/A       2%          1
 Lesser Beckoning         Tloc           6%         N/A       26%         2
 Sublimation of Blood     Necr           3%         N/A       26%         2
 Gell's Gravitas          Tloc           3%         N/A       45%         3
 Teleport Other           Tloc           3%         N/A       45%         3
 Ice Form                 Ice/Tmut       10%        N/A       56%         4


Dungeon Overview and Level Annotations

Branches:
Dungeon (8/15)             Temple (0/1) D:6
   Lair: D:8-11

Altars:
Ashenzari
Dithmenos
Elyvilon
Gozag
Kikubaaqudgha
Makhleb
Ru
Uskayaw
Zin


Innate Abilities, Weirdness & Mutations

You can breathe blasts of fire.
Your fiery red scales are hard. (AC +7)
You cannot fit into any form of body armour.
Your flesh is heat resistant. (rF+)
You are cold-blooded and may be slowed by cold attacks.
You sometimes lose the ability to read scrolls when taking damage.
You are missing a hand.
Your mind is acute. (Int +4, Str/Dex -1)
You have hidden genetic potential.


Message History

The orc warrior shoots a bolt.
The bolt barely misses you.
Things that are here:
a +0 dire flail; a +0 chain mail; an orc corpse The orc warrior shoots a bolt.
The bolt closely misses you.
The orc warrior curses loudly.
The orc warrior shoots a bolt.
The bolt closely misses you.
Things that are here:
a +0 dire flail; a +0 chain mail; an orc corpse The orc warrior unwields a +0 arbalest.
The orc warrior wields a +0 mace.
The orc warrior hits you with a +0 mace.
You feel threatened and lose the ability to read scrolls!
You hit the orc warrior but do no damage.
Your tail-slap misses the orc warrior.
The orc warrior is almost dead.
You kill the orc warrior!
The wyvern bites you. The wyvern bites you!
Unknown command.
Casting: Spider Form (dangerous; 13% risk of failure)
Confirm with . or Enter, or press ? or * to list all spells.
Okay, then.
You feel very mighty all of a sudden. The wyvern misses you.
You closely miss the wyvern.
Your tail-slap misses the wyvern.
The wyvern bites you! x2
* * * LOW HITPOINT WARNING * * *
The wyvern completely misses you.
You puncture the wyvern!
The wyvern is heavily wounded.
The wyvern misses you. The wyvern barely misses you.
It was a potion of mutation.
You feel extremely strange.
You feel clever.
You feel a hidden potential growing inside you.
The wyvern is stunned by your conviction and fails to attack.
The wyvern hisses menacingly.
The wyvern bites you!
* * * LOW HITPOINT WARNING * * *
You hit the wyvern but do no damage.
The wyvern is heavily wounded.
The wyvern bites you.
You die...

#......# #... ...o ...
####.### #### #.#.# #?. #.#
.......# #.# #.#.#.#
####.#### .....# #.......#
# #.#.#.#.# #.#.....# ##
........#######.#.....####.
#)Fl@).............'.
........#######.#.....####.
#.#.#.#o. #.#)##..# ##
###o#. #.#.###.# # ##.##
#.#>###.# . #.......# o
###.##### .# #.# #####.###
####


You could see a wyvern and a bullfrog.

Vanquished Creatures
  A merfolk (D:6)
  A hornet (D:6)
  Sigmund (D:3)
  A wyvern (D:5)
  Eustachio (D:6)
  Menkaure (D:6)
  3 water moccasins (D:7)
  3 sky beasts
  3 orc warriors (D:8)
  An ice beast (D:7)
  An ogre (D:5)
  2 bullfrogs (D:7)
  Blork the orc (D:6)
  3 scorpions
  A howler monkey (D:8)
  2 jellies
  2 hounds
  5 iguanas
  An orc priest (D:4)
  3 sleepcaps
  4 orc wizards
  A gnoll (D:6)
  5 adders
  3 shadow imps
  An ufetubus (D:5)
  A worm (D:5)
  2 dart slugs
  17 orcs
  10 ball pythons
  13 endoplasms
  6 giant cockroaches
  5 goblins
  9 hobgoblins
  3 quokkas
  8 bats
  4 frilled lizards
  6 kobolds
  6 rats
141 creatures vanquished.

Vanquished Creatures (others)
  An orc (D:8)
1 creature vanquished.

Grand Total: 142 creatures vanquished

Notes
Turn   | Place    | Note
-------+----------+-------------------------------------------
     0 | D:1      | ChrisAssaf the Draconian Transmuter began the quest for the
                  | Orb.
     0 | D:1      | Reached XP level 1. HP: 16/16 MP: 3/3
   241 | D:2      | Reached XP level 2. HP: 23/23 MP: 5/5
   276 | D:2      | Learned a level 2 spell: Wereblood
   335 | D:2      | Found a faded altar of an unknown god.
   412 | D:2      | Reached XP level 3. HP: 28/28 MP: 4/6
   416 | D:2      | Learned a level 3 spell: Spider Form
   542 | D:4      | Noticed a sky beast
   570 | D:3      | Killed a sky beast
   571 | D:3      | Reached skill level 1 in Stealth
   571 | D:3      | Reached XP level 4. HP: 22/36 MP: 7/7
   662 | D:4      | Found a sacrificial altar of Ru.
   702 | D:4      | Became a worshipper of Ru the Awakened
   805 | D:4      | Reached XP level 5. HP: 25/41 MP: 4/9
   898 | D:4      | Reached skill level 1 in Poison Magic
   990 | D:4      | Reached skill level 1 in Polearms
   990 | D:4      | Reached skill level 1 in Throwing
  1196 | D:4      | Reached XP level 6. HP: 48/48 MP: 10/10
  1623 | D:3      | Found a glowing silver altar of Zin.
  1641 | D:3      | Found a broken altar of Ashenzari.
  1735 | D:3      | Noticed Sigmund
  1759 | D:3      | Killed Sigmund
  1760 | D:3      | Reached skill level 1 in Evocations
  1853 | D:3      | Found a shadowy altar of Dithmenos.
  1856 | D:3      | Found a burning altar of Makhleb.
  1860 | D:3      | Found a hide-covered altar of Uskayaw.
  1931 | D:3      | Your scales start taking on a fiery red colour.
  1931 | D:3      | Reached XP level 7. HP: 48/55 MP: 8/11
  1931 | D:3      | Gained mutation: Your flesh is heat resistant. (rF+) [Red
                  | Draconian growth]
  2288 | D:2      | Gained mutation: You are missing a hand. [Ru sacrifice]
  2288 | D:2      | Reached * piety under Ru
  2288 | D:2      | Reached ** piety under Ru
  2288 | D:2      | Reached *** piety under Ru
  3399 | D:5      | Entered Level 5 of the Dungeon
  3415 | D:5      | Noticed a wyvern
  3431 | D:5      | Killed a wyvern
  3790 | D:5      | Reached XP level 8. HP: 59/60 MP: 11/13
  3860 | D:5      | Found an opulent altar of Gozag.
  4284 | D:6      | Noticed a two-headed ogre
  4379 | D:6      | Found a staircase to the Ecumenical Temple.
  4439 | D:6      | Noticed Blork the orc
  4443 | D:6      | Killed Blork the orc
  4474 | D:6      | Noticed Eustachio
  4484 | D:6      | Killed Eustachio
  4566 | D:6      | a two-headed ogre changed into a merfolk
  4566 | D:6      | Noticed a merfolk
  4594 | D:6      | Killed a merfolk
  4744 | D:6      | Gained mutation: You occasionally lose the ability to read
                  | scrolls when taking damage. [Ru sacrifice]
  4744 | D:6      | Gained mutation: You sometimes lose the ability to read
                  | scrolls when taking damage. [Ru sacrifice]
  4744 | D:6      | Reached **** piety under Ru
  4812 | D:6      | Noticed a hornet
  5052 | D:6      | Noticed Menkaure
  5055 | D:6      | Killed Menkaure
  5312 | D:6      | Killed a hornet
  5313 | D:6      | Reached skill level 5 in Unarmed Combat
  5313 | D:6      | Reached XP level 9. HP: 70/70 MP: 8/14
  5604 | D:7      | Found a white marble altar of Elyvilon.
  6000 | D:7      | Learned a level 7 spell: Summon Hydra
  6492 | D:7      | Reached skill level 5 in Throwing
  6683 | D:8      | Found an ancient bone altar of Kikubaaqudgha.
  6757 | D:8      | Reached skill level 1 in Summonings
  6795 | D:8      | Gained mutation: Your mind is acute. (Int +4, Str/Dex -1)
                  | [potion of mutation]
  6795 | D:8      | Gained mutation: You have hidden genetic potential. [potion
                  | of mutation]
  6795 | D:8      | HP: 2/70 [wyvern (10)]
  6796 | D:8      | Slain by a wyvern

Illustrated notes

Levels and vault maps discovered:
D:1:      mainiacjoe_arrival_reflecting_pool, layout_loops_ring
D:2:      layout_basic, hellmonk_ecumenical_altar_inner_sanctum
D:3:      layout_basic, grunt_temple_overflow_diamond,
          chequers_temple_overflow_statue_of_worship, uniq_sigmund
D:4:      cheibrodos_pilgrimage, layout_cave_pools, nicolae_ru_awakened_eye
D:5:      layout_rooms, reono_crystal_passage, minmay_ruined_shrine
D:6:      layout_loops_ring, minmay_temple_entry_statues_pillars,
          minmay_stone_trees_small, hellmonk_no_cap, uniq_eustachio,
          uniq_blork_the_orc, uniq_menkaure
D:7:      layout_basic, elyvilon_altar_3
D:8:      layout_loops_corners, nicolae_kikubaaqudgha_miasma_corner,
          serial_shops, shop, st_stairs_10, nicolae_shop_dragon_depot,
          uniq_joseph, uniq_maggie, uniq_prince_ribbit1

Skill      XL: |  1  2  3  4  5  6  7  8  9 |
---------------+----------------------------+-----
Dodging        | 2 3 |  3.9
Stealth        | 1 2 3 |  3.5
Poison Magic   | 1 2 3 |  3.6
Polearms       | 1 2 3 4 |  4.2
Throwing       | 1 2 3 4 5 |  5.1
Unarmed Combat | 4 5 |  5.3
Fighting       | 2 3 4 |  4.0
Spellcasting   | 3 4 |  4.2
Transmutations | 3 4 |  4.3
Evocations     | 1 2 3 |  3.2
Summonings     | 1 |  1.2

Action                     |  1- 3 |  4- 6 |  7- 9 || total
---------------------------+-------+-------+-------++-------
  Melee: Unarmed           |    47 |     8 |    43 ||    98
         Kick              |    10 |       |       ||    10
         Headbutt          |     7 |       |       ||     7
         Tailslap          |     7 |     5 |     7 ||    19
         Trident           |    21 |    34 |    72 ||   127
         Punch             |       |     1 |     1 ||     2
  Throw: Boomerang         |     2 |    45 |   111 ||   158
   Cast: Beastly Appendage |    11 |       |       ||    11
         Spider Form       |       |     3 |     7 ||    10
         Wereblood         |       |     2 |     4 ||     6
 Invoke: Draw Out Power    |       |       |     2 ||     2
         Sacrifice a Hand  |       |       |     1 ||     1
         Power Leap        |       |       |     3 ||     3
         Sacrifice Words   |       |       |     1 ||     1
Ability: Breathe Fire      |       |       |    36 ||    36
  Evoke: Wand              |       |     3 |    11 ||    14
    Use: Scroll            |     1 |     3 |    13 ||    17
         Potion            |     1 |       |     5 ||     6
   Stab: Sleeping          |       |     1 |       ||     1
         Distracted        |       |       |     1 ||     1
 Armour: Skin              |    30 |    12 |    34 ||    76
  Dodge: Dodged            |    45 |    33 |   119 ||   197
